[Event "Late-Titled-Tuesday-Blitz-September-05-2023"]
[Site "Chess.com"]
[Date "2023.09.05"]
[Round "2"]
[White "jamengrand"]
[Black "Ermito2020"]
[Result "0-1"]
[WhiteElo "2341"]
[BlackElo "2582"]
[TimeControl "180+1"]
[EndTime "14:17:06 PDT"]
[Termination "Ermito2020 won by resignation"]

1. e4 e6 2. d4 d5 3. e5 c5 4. c3 Qb6 5. Nf3 Nc6 6. Bd3 cxd4 7. O-O Bd7 8. Re1 Nge7 9. a3 Rc8 10. b4 h6 11. Bb2 Na5 12. cxd4 Nc4 13. Bc1 Nf5 14.
Nc3 Nxd4 15. Na4 Nxf3+ 16. gxf3 Qd4 17. Rb1 Nxe5 18. Rxe5 Qxe5 19. Bb2 Qg5+ 20. Kh1 Bd6 21. Qg1 0-1

[Event "Late-Titled-Tuesday-Blitz-September-05-2023"]
[Site "Chess.com"]
[Date "2023.09.05"]
[Round "2"]
[White "Rinqed222"]
[Black "newyorkmouse"]
[Result "0-1"]
[WhiteElo "2214"]
[BlackElo "2459"]
[TimeControl "180+1"]
[EndTime "14:17:07 PDT"]
[Termination "newyorkmouse won on time"]

1. e4 e6 2. d4 c5 3. d5 exd5 4. exd5 d6 5. c4 Nf6 6. Nc3 g6 7. Bd3 Bg7 8. h3 O-O 9. Be3 Na6 10. a3 Nc7 11. Qd2 Re8 12. Nge2 b5 13. Bh6 bxc4 14. Bxc4 Bh8 15. O-O Rb8 16. Bg5 Bf5 17. Ng3 Qc8 18. Rae1 Qd7 19. Nxf5 Qxf5 20. Bd3 Qd7 21. Rxe8+ Rxe8 22.
Re1 Rxe1+ 23. Qxe1 Nfxd5 24. Nxd5 Nxd5 25. Bc4 Nb6 26. Ba2 Bxb2 27. Qe4 d5 28. Qc2 Bd4 29. a4 Qxa4 30. Qxa4 Nxa4 31. Bxd5 Nc3 32. Bc4 a5 33. Kf1 a4 34. Bc1 Ne4 35. f3 Nd6 36. Bd5 Nb5 0-1

[Event "Late-Titled-Tuesday-Blitz-September-05-2023"]
[Site "Chess.com"]
[Date "2023.09.05"]
[Round "2"]
[White "SRob2003"]
[Black "wild3000"]
[Result "0-1"]
[WhiteElo "2639"]
[BlackElo "2347"]
[TimeControl "180+1"]
[EndTime "14:17:09 PDT"]
[Termination "wild3000 won on time"]

1. c4 g6 2. g3 Bg7 3. Bg2 e5 4. Nc3 Nc6 5. Nf3 d6 6. O-O Nf6 7. Rb1 a5 8. a3 O-O 9. b4 axb4 10.
axb4 Nd4 11. d3 c6 12. b5 Bg4 13. bxc6 bxc6 14. Nxd4 exd4 15. Ne4 Nxe4 16. Bxe4 Ra2 17. Re1 Qd7 18. Rb6 d5 19. cxd5 cxd5 20. Bf3 Bxf3 21. exf3 h5 22. Kg2 Qf5 23. h4 Rfa8 24. Qb3 Ra1 25.
Rb5 Bh6 26. Rxd5 Qc8 27. Bxh6 Rxe1 28. Rxd4 Raa1 29. f4 Qa8+ 30. Qd5 Rg1+ 31. Kf3 Qxd5+ 32. Rxd5 Kh7 33. Bg5 Kg7 34. Rd6 Rge1 35. Bf6+ Kf8 36. Bxa1 Rxa1 37. d4 Ra3+ 38. Ke4 Ra2 39. Ke5 Kg7 40.
Rb6 Rxf2 41. Rb3 Kf8 42. Kd6 Rd2 0-1

[Event "Late-Titled-Tuesday-Blitz-September-05-2023"]
[Site "Chess.com"]
[Date "2023.09.05"]
[Round "2"]
[White "Djager97"]
[Black "micke12a"]
[Result "1-0"]
[WhiteElo "2511"]
[BlackElo "2321"]
[TimeControl "180+1"]
[EndTime "14:17:10 PDT"]
[Termination "Djager97 won on time"]

1. e4 c5 2. Nf3 d6 3. d4 cxd4 4. Nxd4 Nf6 5. Nc3 g6 6. Be3 Bg7 7. f3 O-O 8. Qd2 Nc6 9. O-O-O Bd7 10. h4 Rc8 11. Kb1 Ne5 12. Nb3 h5 13. Bh6 a5 14.
Bxg7 Kxg7 15. Nd4 a4 16. f4 Neg4 17. a3 Kh7 18. Nf3 Bc6 19. Bd3 Qb6 20. Rhe1 Rfd8 21. Nd5 Bxd5 22. exd5 Rc7 23. f5 Nf2 24. fxg6+ fxg6 25. Ng5+ Kg8 26. Ne6 Nxd1 27. Rxd1 Nxd5 28. Qh6 Nc3+ 29.
Ka1 Qxb2+ 30. Kxb2 Nxd1+ 31. Kc1 1-0

[Event "Late-Titled-Tuesday-Blitz-September-05-2023"]
[Site "Chess.com"]
[Date "2023.09.05"]
[Round "2"]
[White "GMZaven"]
[Black "ridnani2021"]
[Result "1/2-1/2"]
[WhiteElo "2739"]
[BlackElo "2544"]
[TimeControl "180+1"]
[EndTime "14:17:11 PDT"]
[Termination "Game drawn by repetition"]

1. e4 c5 2. Nf3 d6 3. d4 cxd4 4. Nxd4 Nf6 5. Nc3 a6 6. h3 e5 7. Nb3 b5 8. a4 b4 9. Nd5 Nbd7 10.
Nxb4 Bb7 11. Be3 Nxe4 12. Bc4 Be7 13. Bd5 Bxd5 14. Nxd5 O-O 15. O-O Nef6 16. a5 Nxd5 17. Qxd5 Nf6 18. Qd2 d5 19. Bb6 Qc8 20. Rfe1 Bd6 21.
Rad1 Qf5 22. c4 Rac8 23. cxd5 Rc2 24. Qd3 Qxd3 25. Rxd3 Rxb2 26. Nd2 Rc8 27. Nf1 Rcc2 28. Ng3 e4 29. Rdd1 Bxg3 30. fxg3 Rxg2+ 31. Kf1 Nh5 32. Re3 Rgf2+ 33. Kg1 Rg2+ 34. Kf1 Rgf2+ 35. Kg1 Rg2+ 36.
Kf1 1/2-1/2

[Event "Late-Titled-Tuesday-Blitz-September-05-2023"]
[Site "Chess.com"]
[Date "2023.09.05"]
[Round "2"]
[White "Tonychess32"]
[Black "stregachess"]
[Result "1-0"]
[WhiteElo "2416"]
[BlackElo "2088"]
[TimeControl "180+1"]
[EndTime "14:17:11 PDT"]
[Termination "Tonychess32 won on time"]

1. e4 c5 2. Nf3 d6 3. c3 Nf6 4.
Bd3 g6 5. O-O Bg7 6. h3 O-O 7.
Re1 Nc6 8. Bc2 b5 9. d4 cxd4 10. cxd4 Bb7 11. a3 Na5 12. Nc3 a6 13. Bg5 Rc8 14. Qe2 Nc4 15. Bd3 Re8 16. Rad1 Nxa3 17. e5 Nh5 18. g4 Qd7 19. gxh5 Qxh3 20. Be4 d5 21. Nxd5 Bxd5 22. Bxd5 Rc2 23. Qe3 Nc4 24. Bxc4 Rxc4 25. Bf4 Qxh5 26. e6 f6 27. Bg3 Rec8 28.
Kg2 Rc2 29. Re2 Bh6 30. Rxc2 Rxc2 31. Qe4 1-0

[Event "Late-Titled-Tuesday-Blitz-September-05-2023"]
[Site "Chess.com"]
[Date "2023.09.05"]
[Round "2"]
[White "dropstoneDP"]
[Black "kikoveiga"]
[Result "1-0"]
[WhiteElo "3024"]
[BlackElo "2593"]
[TimeControl "180+1"]
[EndTime "14:17:13 PDT"]
[Termination "dropstoneDP won by resignation"]

1. Nf3 Nf6 2. c4 g6 3. Nc3 d5 4. cxd5 Nxd5 5. h4 Bg7 6. h5 Nc6 7. g3 e5 8. h6 Bf6 9. Bg2 Nb6 10.
d3 Be6 11. Be3 O-O 12. Rc1 Nd4 13. Bxd4 exd4 14. Ne4 Be7 15. Nc5 Bxc5 16. Rxc5 Qd6 17. Qc1 c6 18. a3 a5 19. O-O f6 20. b4 axb4 21. axb4 Nd7 22. Rc2 Ra4 23. b5 c5 24.
Nd2 b6 25. Ne4 Qe7 26. Qf4 Bd5 27. Nxc5 Bxg2 28. Nxa4 Bxf1 29. Kxf1 Qb4 30. Qc7 Rf7 31. Qc4 Qb1+ 32. Kg2 g5 33. Qc8+ Nf8 34. Nxb6 Qxb5 35. Qc6 Qf5 36. Qe4 Qxe4+ 37. dxe4 Re7 38. Nd5 Re6 39.
Rc4 Kf7 40. Rxd4 Kg6 41. Ne3 Kxh6 42. Nf5+ Kg6 43. f3 h5 44. Rd8 Kf7 45. Ra8 Nd7 46.
Ra7 1-0

[Event "Late-Titled-Tuesday-Blitz-September-05-2023"]
[Site "Chess.com"]
[Date "2023.09.05"]
[Round "2"]
[White "kinga2008"]
[Black "rasmussvane"]
[Result "0-1"]
[WhiteElo "2397"]
[BlackElo "2950"]
[TimeControl "180+1"]
[EndTime "14:17:14 PDT"]
[Termination "rasmussvane won on time"]

1. e4 c6 2. Nf3 d5 3. exd5 cxd5 4. c4 Nf6 5. d4 g6 6. Nc3 Bg7 7. Bg5 dxc4 8. Bxc4 O-O 9. Qd2 Bf5 10. Bh6 Nc6 11. Bxg7 Kxg7 12. d5 Na5 13. Be2 Rc8 14.
O-O Bg4 15. Rfe1 Bxf3 16. Bxf3 Nc4 17. Qe2 Qb6 18. Na4 Qb4 19. b3 Nd6 20. Nb2 Rc7 21.
Nd3 Qb5 22. Rac1 Rfc8 23. Rxc7 Rxc7 24. h3 Nf5 25. Qe5 Rd7 26. Nf4 Qb4 27. Re4 Qd6 28.
Qc3 Rc7 29. Rc4 Rxc4 30. Qxc4 Qe5 31. Nd3 Qa1+ 32. Nc1 Qb2 33. Qc7 h5 34. Nd3 Qb1+ 35. Nc1 Nd4 36. Bd1 Qe4 37. Qxb7 Qe1+ 38. Kh2 Qxd1 39. Qxa7 Ne4 40. Qxe7 Nxf2 0-1

[Event "Late-Titled-Tuesday-Blitz-September-05-2023"]
[Site "Chess.com"]
[Date "2023.09.05"]
[Round "2"]
[White "Bigfish1995"]
[Black "JG-17"]
[Result "1-0"]
[WhiteElo "3079"]
[BlackElo "2607"]
[TimeControl "180+1"]
[EndTime "14:17:15 PDT"]
[Termination "Bigfish1995 won by resignation"]

1. a3 g6 2. h4 h5 3. d4 Bg7 4. Nf3 Nf6 5. Bf4 d5 6. e3 O-O 7. c4 c6 8. Nc3 Bf5 9. Qb3 Qb6 10.
Qxb6 axb6 11. cxd5 Nxd5 12. Nxd5 cxd5 13. Rc1 Nc6 14.
Bb5 Rac8 15. Ke2 Rfd8 16. Rc3 Na7 17. Bd3 Bxd3+ 18. Kxd3 Rc6 19. Bc7 Rc8 20. Rxc6 Nxc6 21. Bxb6 e5 22. dxe5 Bxe5 23. Bd4 Bxd4 24. exd4 Kf8 25.
Re1 Re8 26. Rc1 Ke7 27. Ne5 Rc8 28.
Kd2 f6 29. Nxg6+ Kd6 30. Nf4 Rg8 31. Rc5 Ne7 32. g3 Rg4 33. Rb5 Kc6 34. a4 Nf5 35.
Rc5+ Kb6 36. Rxd5 Nxh4 37. Rxh5 Nf3+ 38. Ke3 Ne1 39. Rc5 Rg7 40. a5+ Ka6 41. d5 Re7+ 42.
Ne6 Ng2+ 43. Kf3 Ne1+ 44. Ke4 b6 45. axb6 Kxb6 46. Rc1 Ng2 47. Rg1 1-0

[Event "Late-Titled-Tuesday-Blitz-September-05-2023"]
[Site "Chess.com"]
[Date "2023.09.05"]
[Round "2"]
[White "FeketeBarika"]
[Black "PawnEatingZombie"]
[Result "1-0"]
[WhiteElo "2411"]
[BlackElo "2079"]
[TimeControl "180+1"]
[EndTime "14:17:15 PDT"]
[Termination "FeketeBarika won on time"]

1. Nf3 c5 2. c4 Nc6 3. g3 g6 4. Bg2 Bg7 5. O-O d6 6. Nc3 Bf5 7. h3 h5 8. e4 Bd7 9. b3 Nh6 10. Bb2 O-O 11. Rb1 a6 12. a4 Nd4 13. Nxd4 cxd4 14.
Ne2 e5 15. d3 f5 16. exf5 Bxf5 17. Kh2 Rb8 18. b4 a5 19. b5 Nf7 20. f4 Qd7 21.
fxe5 dxe5 22. c5 Ng5 23. Ng1 Kh7 24. Qd2 Ne6 25. c6 bxc6 26. bxc6 Qc7 27. Ba3 Rf7 28.
Rb7 Rxb7 29. cxb7 Qb8 30. Qxa5 Rxb7 31. Bd6 Qxd6 32. Bxb7 Bxd3 33. Rf7 1-0

[Event "Late-Titled-Tuesday-Blitz-September-05-2023"]
[Site "Chess.com"]
[Date "2023.09.05"]
[Round "2"]
[White "Fengwi"]
[Black "bascheyaro"]
[Result "0-1"]
[WhiteElo "2423"]
[BlackElo "2804"]
[TimeControl "180+1"]
[EndTime "14:17:17 PDT"]
[Termination "bascheyaro won by resignation"]

1. Nf3 d5 2. b3 Nf6 3. Bb2 Bf5 4.
g3 c5 5. Bg2 Nc6 6. O-O e6 7.
d3 Be7 8. Nbd2 O-O 9. Ne5 Nxe5 10. Bxe5 Bg6 11. e4 Qd7 12. Qe2 Bh5 13. f3 Rfd8 14. Rad1 h6 15. g4 Bg6 16. f4 b5 17. f5 exf5 18. exf5 Bh7 19. h4 Ne8 20. Qf2 Rac8 21. Qg3 f6 22. Bf4 Kf8 23. c4 Bg8 24. g5 hxg5 25.
hxg5 fxg5 26. Bxg5 Bxg5 27. Qxg5 Nf6 28. Nf3 Qd6 29. Nh4 Bf7 30. Ng6+ Bxg6 31. fxg6 dxc4 32. dxc4 Qxd1 33. Rxd1 Rxd1+ 34. Kh2 bxc4 35. Qf5 Rc7 36. Qe5 Rdd7 37. bxc4 Ng4+ 0-1

[Event "Late-Titled-Tuesday-Blitz-September-05-2023"]
[Site "Chess.com"]
[Date "2023.09.05"]
[Round "2"]
[White "Roedor"]
[Black "InadaC"]
[Result "1-0"]
[WhiteElo "2427"]
[BlackElo "2140"]
[TimeControl "180+1"]
[EndTime "14:17:17 PDT"]
[Termination "Roedor won by resignation"]

1. d4 Nf6 2. c4 e6 3. g3 Bb4+ 4. Nd2 O-O 5. Bg2 d5 6. Nf3 c6 7. O-O Nbd7 8. a3 Bd6 9. b4 e5 10. cxd5 cxd5 11. dxe5 Nxe5 12. Bb2 Ng6 13. Nb3 Be6 14. Rc1 Rc8 15. Qd4 b6 16. Rfd1 Rxc1 17.
Nxc1 Qc7 18. Nd3 Rc8 19. Ng5 Qc4 20. Nxe6 fxe6 21. Bh3 Nf8 22. Qe3 Qe4 23. Qxe4 Nxe4 24. Rc1 Rxc1+ 25. Nxc1 Kf7 26. Nd3 Nd7 27. f3 Nd2 28.
Bc1 Nc4 29. e4 Nde5 30. Nxe5+ Bxe5 31. exd5 exd5 32. Bf1 Bd4+ 33. Kg2 Ne3+ 34. Bxe3 Bxe3 35.
Bd3 g6 36. b5 h6 37. f4 Bc1 38. a4 Bb2 39. Kf3 d4 40. Ke4 Ke6 41. g4 Ba1 42.
f5+ gxf5+ 43. gxf5+ Kf6 44. Kd5 Bc3 45. Kc6 Ba5 46.
Kb7 Bc3 47. Kxa7 Ba5 48. Ka6 Ke5 49. h3 Kf6 50. Kb7 Ke5 51. Kc6 Kf6 52. Kd5 Bc3 53. Ke4 Bb2 54. a5 bxa5 55. b6 Ba3 56. Kd5 Bd6 57. Kxd6 1-0

[Event "Late-Titled-Tuesday-Blitz-September-05-2023"]
[Site "Chess.com"]
[Date "2023.09.05"]
[Round "2"]
[White "cande_francisco"]
[Black "ContrVersia"]
[Result "0-1"]
[WhiteElo "2558"]
[BlackElo "2911"]
[TimeControl "180+1"]
[EndTime "14:17:21 PDT"]
[Termination "ContrVersia won by resignation"]

1. e4 c5 2. Nf3 a6 3. c3 d5 4.
exd5 Qxd5 5. d4 Bg4 6. Be2 Nf6 7. h3 Bh5 8. c4 Qd6 9. d5 e6 10. Nc3 exd5 11. cxd5 Be7 12. O-O O-O 13. Qa4 Nbd7 14. Bf4 Qb6 15. Qc2 Bd6 16. Be3 Rfe8 17.
Qd2 Qc7 18. Rac1 b5 19. a3 c4 20. b4 Rad8 21. Nd4 Bxe2 22. Qxe2 Nb6 23. Rfd1 Nbxd5 24. Nxd5 Nxd5 25. Nf5 Nxe3 26. fxe3 Be5 27. Qg4 Bf6 28. a4 Kh8 29. axb5 axb5 30. Qf3 Qe5 31. Rxd8 Rxd8 32. Ng3 Re8 33. Re1 Bh4 0-1

[Event "Late-Titled-Tuesday-Blitz-September-05-2023"]
[Site "Chess.com"]
[Date "2023.09.05"]
[Round "2"]
[White "RIPOL"]
[Black "melissa_guez"]
[Result "1-0"]
[WhiteElo "2409"]
[BlackElo "2033"]
[TimeControl "180+1"]
[EndTime "14:17:21 PDT"]
[Termination "RIPOL won by checkmate"]

1. d4 d5 2. c4 c6 3. Nc3 Nf6 4. cxd5 cxd5 5. Bf4 Nc6 6. e3 a6 7. Rc1 e6 8. Nf3 Bd6 9. Bg3 O-O 10. Bd3 Na5 11.
Ne5 Bxe5 12. dxe5 Nd7 13. f4 b5 14. b3 Bb7 15. Ne2 Rc8 16. Rxc8 Qxc8 17. O-O Nc5 18. Nd4 Nc6 19. Bxh7+ Kxh7 20. Qh5+ Kg8 21. Nf3 Ne4 22.
Bh4 Re8 23. h3 Ne7 24. Nh2 Nf5 25. Ng4 g6 26. Nh6+ Nxh6 27. Qxh6 f5 28. Qxg6+ Kf8 29. Qh6+ Kg8 30. Bf6 Qd7 31. Qh8+ Kf7 32. Qg7# 1-0

[Event "Late-Titled-Tuesday-Blitz-September-05-2023"]
[Site "Chess.com"]
[Date "2023.09.05"]
[Round "2"]
[White "whitemirrorninja"]
[Black "GMAkobianSTL"]
[Result "0-1"]
[WhiteElo "2509"]
[BlackElo "2740"]
[TimeControl "180+1"]
[EndTime "14:17:23 PDT"]
[Termination "GMAkobianSTL won by resignation"]

1. d4 e6 2. e4 d5 3. Nd2 a6 4.
Ngf3 c5 5. c3 Nc6 6. exd5 exd5 7. dxc5 Bxc5 8. Nb3 Bb6 9. Nbd4 Nf6 10. Be2 O-O 11.
O-O Ne4 12. Be3 Re8 13. c4 dxc4 14. Nxc6 Qxd1 15. Raxd1 Bxe3 16. Ne7+ Kf8 17. Nxc8 Nxf2 18. Rxf2 Raxc8 19. Kf1 b5 20. Nd4 Bxf2 21. Kxf2 Rcd8 22. Nc6 Rxd1 23. Bxd1 Re6 24. Bf3 g6 25. Nd4 Rd6 26. Ke3 f5 27. g4 f4+ 28. Ke4 g5 29. Ke5 Rh6 30. Ne6+ Ke7 31. Nxg5 Rxh2 32. Bb7 Rxb2 33. Nxh7 c3 34. Be4 c2 35. Bxc2 Rxc2 36. Kxf4 Rxa2 37. g5 Rh2 38. Nf6 Rf2+ 39. Ke5 Rxf6 40. gxf6+ Kf7 41.
Kf5 b4 42. Ke5 b3 0-1

[Event "Late-Titled-Tuesday-Blitz-September-05-2023"]
[Site "Chess.com"]
[Date "2023.09.05"]
[Round "2"]
[White "DenizSeyhanoglu1"]
[Black "ybothg"]
[Result "0-1"]
[WhiteElo "2310"]
[BlackElo "2507"]
[TimeControl "180+1"]
[EndTime "14:17:23 PDT"]
[Termination "ybothg won by resignation"]

1. e4 c5 2. Nf3 e6 3. d4 cxd4 4. Nxd4 Nf6 5. Nc3 Nc6 6. Ndb5 Bb4 7. a3 Bxc3+ 8. Nxc3 d5 9. exd5 exd5 10. Bd3 O-O 11. O-O d4 12. Ne2 Bg4 13. Qd2 Re8 14. b4 Bxe2 15. Bxe2 Ne4 16. Qd3 Nc3 17. Bg4 Ne5 18. Qg3 f5 19. Bf3 Rc8 20. Bg5 Qb6 21. Rfe1 Qb5 22. Bf4 Ng6 23. Bd2 Ne4 24. Bxe4 fxe4 25.
Rac1 Qd5 26. c3 d3 27. h4 Ne5 28. Be3 d2 29. Bxd2 Qxd2 30. Rcd1 Qxc3 31. Re3 Nd3 32.
Qd6 Qc2 33. Qd5+ Kh8 34. Rf1 Rcd8 35. Rxe4 Nf4 36. Qc4 Qxe4 0-1

[Event "Late-Titled-Tuesday-Blitz-September-05-2023"]
[Site "Chess.com"]
[Date "2023.09.05"]
[Round "2"]
[White "lionheart95"]
[Black "Sanan_Sjugirov"]
[Result "0-1"]
[WhiteElo "2546"]
[BlackElo "2893"]
[TimeControl "180+1"]
[EndTime "14:17:25 PDT"]
[Termination "Sanan_Sjugirov won by resignation"]

1. e4 c5 2. Nf3 d6 3. d4 cxd4 4. Nxd4 Nf6 5. Nc3 a6 6. g3 e5 7. Nb3 Be7 8. Bg5 Nbd7 9. Qd2 b5 10. Bxf6 Nxf6 11. Bg2 Bb7 12. O-O O-O 13. a4 b4 14.
Nd5 Nxd5 15. exd5 a5 16. c3 bxc3 17. Qxc3 Qb6 18. Nd2 Ba6 19. Rfc1 Rfc8 20. Qb3 Rcb8 21. Rc3 Qd8 22. Qc2 g6 23. Rc1 Bc8 24. b3 Bf5 25. Be4 Bd7 26. Bd3 Bg5 27. h4 Bh6 28. Qd1 Rc8 29. Rxc8 Rxc8 30. Rxc8 Qxc8 31. Nc4 Qc5 32. Qe1 Qxd5 33. Be4 Qd4 34. Bg2 Be6 35. Nxa5 Bd2 0-1

[Event "Late-Titled-Tuesday-Blitz-September-05-2023"]
[Site "Chess.com"]
[Date "2023.09.05"]
[Round "2"]
[White "TanitoluwaAps116"]
[Black "Qvalda"]
[Result "1-0"]
[WhiteElo "2704"]
[BlackElo "2377"]
[TimeControl "180+1"]
[EndTime "14:17:27 PDT"]
[Termination "TanitoluwaAps116 won on time"]

1. e4 e6 2. d4 d5 3. exd5 exd5 4.
Nf3 Bd6 5. c4 dxc4 6. Bxc4 Nf6 7. Qe2+ Qe7 8. Qxe7+ Bxe7 9. Nc3 O-O 10. Bf4 c6 11. O-O Nbd7 12. Rfe1 Nb6 13. Bb3 Bb4 14.
a3 Bxc3 15. bxc3 Bf5 16. c4 Rfe8 17. Ne5 Be6 18. Rac1 Nfd7 19. Nxd7 Bxd7 20. f3 Rxe1+ 21. Rxe1 Re8 22. Rxe8+ Bxe8 23. Bb8 Nc8 24. d5 cxd5 25. cxd5 Kf8 26. d6 Bc6 27. Kf2 Ke8 28. Ke3 a6 29.
Kd4 Nb6 30. Bc7 Nd7 31. a4 Nf8 32. a5 Ne6+ 33. Ke5 Nxc7 34. dxc7 Kd7 35. c8=Q+ Kxc8 36. Kd6 Kd8 37. Bxf7 Bb5 38. Bd5 Kc8 39. f4 g6 40. g4 Be2 41. f5 gxf5 42. gxf5 Bh5 43. f6 b6 44. axb6 a5 45. f7 Bxf7 46. Bxf7 Kb7 47.
Kc5 a4 48. Bd5+ Kb8 49. Kb4 a3 50. Kxa3 1-0

[Event "Late-Titled-Tuesday-Blitz-September-05-2023"]
[Site "Chess.com"]
[Date "2023.09.05"]
[Round "2"]
[White "infinitegiantkiller"]
[Black "The_Princess_Moon"]
[Result "1-0"]
[WhiteElo "2493"]
[BlackElo "2286"]
[TimeControl "180+1"]
[EndTime "14:17:27 PDT"]
[Termination "infinitegiantkiller won by resignation"]

1. Nf3 c5 2. g3 Nc6 3. Bg2 d6 4. O-O Nf6 5. b3 g6 6. Bb2 Bg7 7. d4 cxd4 8. Nxd4 Nxd4 9. Bc3 O-O 10. Bxd4 a6 11. c4 Qa5 12. Nd2 Rb8 13. Nf3 b5 14. cxb5 axb5 15. Qd2 b4 16. Rfc1 Be6 17. Ng5 Bd5 18. Bxf6 Bxf6 19. Bxd5 Bxg5 20. Qxg5 Rb5 21. e4 e6 22. Rd1 exd5 23. Rxd5 Rxd5 24. Qxd5 Qxd5 25.
exd5 Ra8 26. Kf1 Kg7 27. Ke2 Kf6 28. f4 Kf5 29. Kf3 h5 30. h3 Rc8 31. g4+ hxg4+ 32. hxg4+ Kf6 33. a4 Rc3+ 34. Ke4 Rxb3 35. Kd4 Rc3 36.
a5 Rc7 37. a6 Ra7 38. Kc4 g5 39. fxg5+ Kxg5 40. Kxb4 Kxg4 41. Kb5 f5 42. Kb6 Ra8 43.
a7 f4 44. Kb7 Rf8 45. a8=Q Rxa8 46. Kxa8 f3 47. Kb7 Kg3 48. Kc6 f2 49. Kxd6 Kg2 50.
Ke6 f1=Q 51. Rxf1 Kxf1 52. d6 1-0

[Event "Late-Titled-Tuesday-Blitz-September-05-2023"]
[Site "Chess.com"]
[Date "2023.09.05"]
[Round "2"]
[White "Chessbard1972"]
[Black "sofaceindisguise"]
[Result "0-1"]
[WhiteElo "2506"]
[BlackElo "2734"]
[TimeControl "180+1"]
[EndTime "14:17:29 PDT"]
[Termination "sofaceindisguise won by resignation"]

1. d4 Nf6 2. c4 e6 3. Nf3 d5 4.
Nc3 dxc4 5. e3 c5 6. Bxc4 a6 7. O-O cxd4 8. Qxd4 Qxd4 9. Nxd4 Bd7 10. e4 Nc6 11.
Nde2 Rc8 12. Bb3 Bc5 13. Bg5 h6 14. Bh4 g5 15. Bg3 Ke7 16. Rad1 Nh5 17. Na4 Nxg3 18. hxg3 Ba7 19. Rd2 Rhd8 20. Rfd1 Na5 21. Nac3 Nxb3 22. axb3 Bc6 23. Rxd8 Rxd8 24. Rxd8 Kxd8 25. Kf1 Ke7 26. f3 a5 27. Ke1 b5 28. Kd2 b4 29. Nd1 h5 30.
Ne3 Bb5 31. Nc4 Bxc4 32. bxc4 a4 33. Nc1 Bd4 34. Kc2 b3+ 35. Kb1 Kd6 36. Ne2 Kc5 37.
f4 g4 38. f5 e5 39. Kc1 Kxc4 40. Kb1 Kd3 41. Nxd4 Kxd4 42. Kc1 Kxe4 43. f6 Kd3 44.
Kd1 e4 0-1

[Event "Late-Titled-Tuesday-Blitz-September-05-2023"]
[Site "Chess.com"]
[Date "2023.09.05"]
[Round "2"]
[White "Rutricks"]
[Black "AsaHoffmann"]
[Result "1-0"]
[WhiteElo "2669"]
[BlackElo "2371"]
[TimeControl "180+1"]
[EndTime "14:17:30 PDT"]
[Termination "Rutricks won by resignation"]

1. Nf3 d6 2. d4 Bg4 3. b3 Nf6 4. Bb2 c6 5. g3 Bxf3 6. exf3 e6 7. Bg2 g6 8. O-O Bg7 9. Qd3 O-O 10. f4 Nbd7 11. Re1 Qc7 12. Nd2 c5 13. c4 a6 14.
Rac1 Rab8 15. Nf3 Rfd8 16. Red1 d5 17. cxd5 Nxd5 18. Qe2 Qa5 19. a3 Rbc8 20. Ne5 cxd4 21. Rxc8 Rxc8 22. Nxd7 Nc3 23. Bxc3 dxc3 24. Ne5 Qxa3 25.
Qc2 b5 26. Bb7 Rc7 27. Rd8+ Bf8 28. Be4 Qb2 29. Nd7 Rxd7 30. Rxd7 a5 31. Qxb2 cxb2 32.
Rb7 a4 33. Rxb5 a3 34. Ra5 f5 35. Bb1 Kf7 36. Ra7+ Kf6 37. Rb7 Bc5 38. b4 Bd4 39. Rd7 e5 40. Rd6+ Ke7 41. fxe5 Bxe5 42. Ra6 Bd6 43.
Rxa3 Bxb4 44. Rb3 Bc5 45. Rxb2 1-0

[Event "Late-Titled-Tuesday-Blitz-September-05-2023"]
[Site "Chess.com"]
[Date "2023.09.05"]
[Round "2"]
[White "maksimys18"]
[Black "MajorCoast"]
[Result "1/2-1/2"]
[WhiteElo "2490"]
[BlackElo "2302"]
[TimeControl "180+1"]
[EndTime "14:17:30 PDT"]
[Termination "Game drawn - insufficient material"]

1. d4 d5 2. Nf3 Nf6 3. c4 e6 4. Nc3 Ne4 5. cxd5 exd5 6. Bf4 Bb4 7. Qc2 Nc6 8. e3 Bf5 9. Bd3 Bg6 10. O-O Nxc3 11.
bxc3 Bd6 12. Bxd6 Qxd6 13. e4 dxe4 14. Bxe4 O-O 15. Rae1 Rfe8 16. Bxg6 Qxg6 17. Qb3 b6 18. Qa4 h6 19. d5 Ne7 20. c4 Qf6 21. h3 Red8 22. Re2 Nf5 23. Rfe1 Nd4 24. Nxd4 Qxd4 25. Qc6 Qc5 26. Qxc5 bxc5 27. Re7 Rac8 28. Rb1 Kf8 29. Re3 c6 30. dxc6 Rxc6 31. Rb7 Rd1+ 32. Kh2 Rd8 33. Rxa7 Rf6 34. f3 g6 35. Re5 Rc8 36.
a4 Rf4 37. Re4 Rxe4 38. fxe4 Re8 39. Rc7 Rxe4 40. Rxc5 Re2 41. Kg3 Ra2 42. a5 Ke7 43. Kf3 Kd6 44. Rd5+ Kc6 45. h4 Ra4 46. h5 Rxc4 47. Re5 Rc3+ 48. Kf2 gxh5 49. Rxh5 Ra3 50. a6 Rxa6 51. Rxh6+ Kb7 52. Rxa6 Kxa6 53. Ke3 Kb7 54. Kd4 Kc7 55. Ke5 Kd7 56. Kf6 Ke8 57. g3 Kf8 58. g4 Kg8 59. Kg5 Kg7 60. Kf5 Kf8 61. Kf6 Kg8 62. Kg5 Kg7 63. Kf5 Kf8 64. g5 Kg7 65.
Kf4 Kg6 66. Kg4 f6 67. gxf6 Kxf6 1/2-1/2

[Event "Late-Titled-Tuesday-Blitz-September-05-2023"]
[Site "Chess.com"]
[Date "2023.09.05"]
[Round "2"]
[White "IamSchrodingersCat"]
[Black "FaustinoOro"]
[Result "1-0"]
[WhiteElo "2563"]
[BlackElo "2864"]
[TimeControl "180+1"]
[EndTime "14:17:31 PDT"]
[Termination "IamSchrodingersCat won by resignation"]

1. e4 c5 2. Nf3 d6 3. d4 cxd4 4. Nxd4 Nf6 5. Nc3 a6 6. Be2 e5 7. Nb3 Be7 8. g4 h6 9. Be3 Be6 10. Bf3 Nbd7 11. Qe2 b5 12. O-O-O Nb6 13. Na5 Qc7 14.
h4 b4 15. Nd5 Nbxd5 16. exd5 Bd7 17. Nc6 Bxc6 18. dxc6 e4 19. Bg2 Qxc6 20. g5 Nd7 21. Bd4 d5 22. Bxg7 Rg8 23. gxh6 O-O-O 24. Bh3 Kb7 25. Bf5 Bf6 26. Rxd5 Bxg7 27. hxg7 Nf6 28.
Rxd8 Rxd8 29. Rg1 e3 30. Qxe3 Qd5 31. Bd3 Ng8 32. Be4 1-0

[Event "Late-Titled-Tuesday-Blitz-September-05-2023"]
[Site "Chess.com"]
[Date "2023.09.05"]
[Round "2"]
[White "KNVB"]
[Black "dosto07"]
[Result "1-0"]
[WhiteElo "2735"]
[BlackElo "2507"]
[TimeControl "180+1"]
[EndTime "14:17:31 PDT"]
[Termination "KNVB won by resignation"]

1. d4 d5 2. Bf4 c5 3. e3 Nc6 4. c3 Nf6 5. Nd2 e6 6. Ngf3 h6 7. Bd3 Bd6 8. O-O Bxf4 9. exf4 cxd4 10. cxd4 O-O 11. a3 Qb6 12. Nb3 a5 13. Rb1 Bd7 14.
Bc2 Rfd8 15. Nc5 Ne7 16. Ne5 Be8 17. Re1 Qc7 18. Rc1 b6 19. Nxe6 Qxc2 20. Rxc2 fxe6 21. Rc7 Nf5 22. Qd3 Rac8 23. Rec1 Rxc7 24. Rxc7 Ne4 25. f3 Ned6 26. g4 Nh4 27. Kf2 Bb5 28. Qc2 Nc4 29. a4 Ba6 30. Ra7 Nxe5 31. fxe5 Bc4 32. b3 Rf8 33. bxc4 Nxf3 34. Ke3 Ng5 35. cxd5 Rf3+ 36. Ke2 exd5 37. Qg6 Rf7 38. Rxf7 Nxf7 39. Qxb6 1-0

[Event "Late-Titled-Tuesday-Blitz-September-05-2023"]
[Site "Chess.com"]
[Date "2023.09.05"]
[Round "2"]
[White "IM_Tissir"]
[Black "martinbitel"]
[Result "1-0"]
[WhiteElo "2473"]
[BlackElo "2255"]
[TimeControl "180+1"]
[EndTime "14:17:31 PDT"]
[Termination "IM_Tissir won by checkmate"]

1. e4 c6 2. d4 d5 3. Nc3 dxe4 4. Nxe4 Nd7 5. Bd3 Ngf6 6. Ng5 e6 7. N1f3 Bd6 8. O-O O-O 9. Qe2 b6 10. Nxe6 Qe7 11.
Nxf8 Qxf8 12. Ne5 c5 13. Nxd7 Bxd7 14. dxc5 Bxc5 15. Bg5 Re8 16. Qf3 Ng4 17. Bxh7+ Kxh7 18. Qd3+ f5 19. Qxd7 Nxf2 20. Rxf2 Re2 21. Bh4 Qe8 22.
Qxe8 Rxe8 23. Kf1 Bxf2 24. Bxf2 Rd8 25. Ke2 Rc8 26. c3 g6 27. Rd1 Kg7 28. Rd7+ Kf6 29. Rxa7 g5 30. Bxb6 Rb8 31. Bd4+ Ke6 32. b4 Kd5 33.
Kd3 Re8 34. Ra6 f4 35. c4# 1-0